 Dungeon Crawl Stone Soup version 0.28.0 (webtiles) character file.

Game seed: 5516567578609559213

147 Ablot the Grasshopper (level 5, -1/43 HPs)
             Began as a Gnoll Warper on Feb 17, 2022.
             Killed by nerve-wracking pain
             ... invoked by a shadow imp
             ... summoned by Natasha
              (11 damage)
             ... on level 3 of the Dungeon.
             The game lasted 00:04:26 (3001 turns).

Ablot the Grasshopper (Gnoll Warper)                Turns: 3001, Time: 00:04:27

Health: -1/43      AC:  3    Str: 12    XL:     5   Next: 29%
Magic:  12/12      EV: 12    Int: 13    God:
Gold:   102        SH:  0    Dex: 11    Spells: 12/14 levels left

rFire   . . .      SeeInvis .   o - +0 dagger (venom)
rCold   . . .      Faith    .   (no shield)
rNeg    . . .      Spirit   .   b - +0 leather armour
rPois   .          Reflect  .   (no helmet)
rElec   .          Harm     .   (no cloak)
rCorr   .          Rampage  .   (no gloves)
Will    .....                   (no boots)
Stlth   +.........              (no amulet)
HPRegen 0.14/turn               (no ring)
MPRegen 0.13/turn               (no ring)

@: no status effects
A: fangs 1, strong nose, distributed training
a: no special abilities


You were on level 3 of the Dungeon.
You visited 1 branch of the dungeon, and saw 3 of its levels.

You collected 102 gold pieces.

Inventory:

Hand Weapons
 a - a +0 spear
 l - a +0 arbalest
 o - a +0 dagger of venom (weapon)
Missiles
 d - 5 boomerangs of dispersal
 g - 91 stones
 h - 4 poisoned darts (quivered)
 j - 34 arrows
 s - 23 sling bullets
Armour
 b - a +0 leather armour (worn)
Jewellery
 q - an amulet of regeneration
Wands
 p - a wand of iceblast (7)
Scrolls
 c - a scroll of blinking
 f - 5 scrolls of identify {unknown}
 i - a scroll of fog {unknown}
 r - a scroll of silence {unknown}
Potions
 e - a potion of ambrosia {unknown}
 k - a potion of haste {unknown}
 m - 2 potions of heal wounds {unknown}
 n - a potion of curing {unknown}


   Skills:
 + Level 4.7 Fighting
 + Level 1.4 Short Blades
 + Level 1.4 Long Blades
 + Level 1.4 Axes
 + Level 1.4 Maces & Flails
 + Level 4.7 Polearms
 + Level 1.4 Staves
 + Level 1.4 Slings
 + Level 1.4 Bows
 + Level 1.4 Crossbows
 + Level 2.9 Throwing
 + Level 2.9 Armour
 + Level 4.7 Dodging
 + Level 1.4 Stealth
 + Level 1.4 Shields
 + Level 1.4 Unarmed Combat
 + Level 5.2 Spellcasting
 + Level 1.1 Conjurations
 + Level 1.1 Hexes
 + Level 1.1 Summonings
 + Level 1.1 Necromancy
 + Level 5.5 Translocations
 + Level 1.1 Transmutations
 + Level 1.1 Fire Magic
 + Level 1.1 Ice Magic
 + Level 1.1 Air Magic
 + Level 1.1 Earth Magic
 + Level 1.1 Poison Magic
 + Level 1.6 Invocations
 + Level 1.4 Evocations


You had 12 spell levels left.
You knew the following spells:

 Your Spells              Type           Power      Damage    Failure   Level
a - Blink                 Tloc           34%        N/A       3%          2

Your spell library contained the following spells:

 Spells                   Type           Power      Damage    Failure   Level
 Gell's Gravitas          Tloc           17%        N/A       7%          3
 Lesser Beckoning         Tloc           17%        N/A       7%          3
 Teleport Other           Tloc           17%        N/A       7%          3
 Manifold Assault         Tloc           17%        N/A       54%         5


Dungeon Overview and Level Annotations

Branches:
Dungeon (3/15)

Altars:

Annotations:
D:3 Natasha


Innate Abilities, Weirdness & Mutations

You have very sharp teeth.
Your uncanny sense of smell can sniff out nearby items.
Your experience applies equally to all skills.


Message History

Natasha is lightly wounded.
The shadow imp misses you. Natasha claws you.
You closely miss Natasha.
Natasha is moderately wounded.
The shadow imp hits you. Natasha claws you!
You barely miss Natasha.
Natasha is moderately wounded.
The shadow imp hits you.
You are too injured to fight recklessly!
You are too injured to fight recklessly!
You are too injured to fight recklessly!
You are too injured to fight recklessly!
You are too injured to fight recklessly!
You are too injured to fight recklessly!
You are too injured to fight recklessly!
You are too injured to fight recklessly!
You are too injured to fight recklessly!
You are too injured to fight recklessly!
You are too injured to fight recklessly!
You are too injured to fight recklessly!
You are too injured to fight recklessly!
You are too injured to fight recklessly!
You are too injured to fight recklessly!
You hit Natasha but do no damage.
Natasha looks as sick as possible!
Natasha is moderately wounded.
Natasha claws you. The shadow imp hits you.
* * * LOW HITPOINT WARNING * * *
You hit Natasha but do no damage.
Natasha looks as sick as possible!
Natasha is heavily wounded.
Natasha barely misses you. The shadow imp gestures at you.
Pain shoots through your body!
* * * LOW HITPOINT WARNING * * *
Unknown command.
You closely miss Natasha.
Natasha is heavily wounded.
Natasha misses you. The shadow imp gestures at you.
Pain shoots through your body!
You die...

# ######### #.#.......#
######## . #.#.......#
##.......
...#.........###^.......
......5.................
#h@.....###.....)##
........###.#♣♣.......#
........#....♣♣..#####♣
..........#♣♣♣..♣♣## #♣
...........♣♣..♣.♣.♣ ♣§♣
..............♣.♣.♣ §♣§
..........#♣.....♣.♣ ♣§♣
####......#♣.♣.♣.♣♣.♣.♣.
.......#♣♣..♣♣.♣♣.♣§♣


You could see Natasha (extremely poisoned) and a shadow imp (summoned).

Vanquished Creatures
  Terence (D:2)
  2 gnolls (D:3)
  An adder (D:3)
  A worm (D:3)
  8 dart slugs
  5 bats
  6 endoplasms (D:1)
  4 giant cockroaches
  8 hobgoblins
  5 jackals
  7 kobolds
  6 quokkas
  2 ball pythons (D:1)
  4 frilled lizards
  5 goblins
  5 rats
70 creatures vanquished.

Vanquished Creatures (others)
  49 plants
49 creatures vanquished.

Grand Total: 119 creatures vanquished

Notes
Turn   | Place    | Note
-------+----------+-------------------------------------------
     0 | D:1      | Ablot the Gnoll Warper began the quest for the Orb.
     0 | D:1      | Reached XP level 1. HP: 20/20 MP: 6/6
   143 | D:1      | Reached XP level 2. HP: 25/26 MP: 7/7
   486 | D:1      | Reached XP level 3. HP: 28/31 MP: 9/9
   496 | D:1      | Reached skill level 5 in Spellcasting
   511 | D:1      | Learned a level 2 spell: Blink
   699 | D:1      | Reached skill level 1 in Invocations
  1104 | D:2      | Reached skill level 1 in Short Blades
  1104 | D:2      | Reached skill level 1 in Long Blades
  1104 | D:2      | Reached skill level 1 in Axes
  1104 | D:2      | Reached skill level 1 in Maces & Flails
  1104 | D:2      | Reached skill level 1 in Staves
  1104 | D:2      | Reached skill level 1 in Slings
  1104 | D:2      | Reached skill level 1 in Bows
  1104 | D:2      | Reached skill level 1 in Crossbows
  1104 | D:2      | Reached skill level 1 in Stealth
  1104 | D:2      | Reached skill level 1 in Shields
  1104 | D:2      | Reached skill level 1 in Unarmed Combat
  1104 | D:2      | Reached skill level 1 in Evocations
  1201 | D:2      | Reached XP level 4. HP: 38/38 MP: 11/11
  1856 | D:2      | Noticed Terence
  1870 | D:2      | Killed Terence
  1871 | D:2      | Reached skill level 1 in Conjurations
  1871 | D:2      | Reached skill level 1 in Hexes
  1871 | D:2      | Reached skill level 1 in Summonings
  1871 | D:2      | Reached skill level 1 in Necromancy
  1871 | D:2      | Reached skill level 1 in Transmutations
  1871 | D:2      | Reached skill level 1 in Fire Magic
  1871 | D:2      | Reached skill level 1 in Ice Magic
  1871 | D:2      | Reached skill level 1 in Air Magic
  1871 | D:2      | Reached skill level 1 in Earth Magic
  1871 | D:2      | Reached skill level 1 in Poison Magic
  2276 | D:3      | Reached XP level 5. HP: 27/43 MP: 12/12
  2877 | D:3      | Found a faded altar of an unknown god.
  2990 | D:3      | Noticed Natasha
  3001 | D:3      | Killed from afar by a shadow imp

Illustrated notes

Levels and vault maps discovered:
D:1:      minmay_arrival_cross, layout_rooms
D:2:      layout_basic, guppyfry_early_lair_pool, uniq_terence
D:3:      wad_woods_settlement, layout_basic, shapermc_ecumenical_altar_ellora,
          uniq_jessica, uniq_natasha

Skill      XL: |  1  2  3  4 |
---------------+-------------+-----
Spellcasting   | 5 |  5.2
Invocations    | 1 |  1.6
Short Blades   | 1 |  1.4
Long Blades    | 1 |  1.4
Axes           | 1 |  1.4
Maces & Flails | 1 |  1.4
Staves         | 1 |  1.4
Slings         | 1 |  1.4
Bows           | 1 |  1.4
Crossbows      | 1 |  1.4
Stealth        | 1 |  1.4
Shields        | 1 |  1.4
Unarmed Combat | 1 |  1.4
Evocations     | 1 |  1.4
Conjurations   | 1 |  1.1
Hexes          | 1 |  1.1
Summonings     | 1 |  1.1
Necromancy     | 1 |  1.1
Transmutations | 1 |  1.1
Fire Magic     | 1 |  1.1
Ice Magic      | 1 |  1.1
Air Magic      | 1 |  1.1
Earth Magic    | 1 |  1.1
Poison Magic   | 1 |  1.1
Fighting       | |  4.7
Polearms       | |  4.7
Throwing       | |  2.9
Armour         | |  2.9
Dodging        | |  4.7
Translocations | |  5.5

Action                   |  1- 3 |  4- 6 || total
-------------------------+-------+-------++-------
Melee: Spear             |   143 |    40 ||   183
       Bite              |    11 |    17 ||    28
       Punch             |     3 |       ||     3
       Dagger            |       |    98 ||    98
Throw: Dart              |       |     3 ||     3
 Stab: Sleeping          |       |     1 ||     1
Armor: Leather armour    |    20 |    26 ||    46
Dodge: Dodged            |    67 |    72 ||   139
